 Dungeon Crawl Stone Soup version 0.29.1-15-g9cfb28693d (webtiles) character file.

Game seed: 5169346294446376865

30 hawla the Firebug (level 3, 0/26 HPs)
             Began as a Meteoran Fire Elementalist on Apr 25, 2023.
             Killed from afar by an orc wizard (6 damage)
             ... with a puff of flame
             ... on level 3 of the Dungeon.
             The game lasted 00:01:07 (142 turns).

hawla the Firebug (Meteoran Fire Elementalist)       Turns: 142, Time: 00:01:07

Health: 0/26       AC:  2    Str: 10    XL:     3   Next: 55%
Magic:  7/8        EV: 12    Int: 18    God:
Gold:   20         SH:  0    Dex: 14    Spells: 7/8 levels left

rFire   . . .      SeeInvis .   (no weapon)
rCold   . . .      Faith    .   (no shield)
rNeg    . . .      Spirit   .   a - +0 robe
rPois   .          Reflect  .   (no helmet)
rElec   .          Harm     .   (no cloak)
rCorr   .          Rampage  .   (no gloves)
Will    .....                   (no boots)
Stlth   +.........              (no amulet)
HPRegen 0.08/turn               (no ring)
MPRegen 0.11/turn               (no ring)

@: confused, glowing
A: sense surroundings 1, otherworldly, glowing, explore regen
a: no special abilities


You were on level 3 of the Dungeon.
You visited 1 branch of the dungeon, and saw 3 of its levels.

You collected 20 gold pieces.

Inventory:

Armour
 a - a +0 robe (worn)
Scrolls
 c - a scroll of identify {unknown}


   Skills:
 + Level 2.7 Dodging
 - Level 1.4 Stealth
 + Level 3.1 Spellcasting
 + Level 1.3 Conjurations
 + Level 4.6 Fire Magic


You had 7 spell levels left.
You knew the following spells:

 Your Spells              Type           Power      Damage    Failure   Level
a - Foxfire               Conj/Fire      52%        2x1d6     4%          1

Your spell library contained the following spells:

 Spells                   Type           Power      Damage    Failure   Level
 Scorch                   Fire           38%        2d7       3%          2
 Conjure Flame            Conj/Fire      13%        6-21      14%         3
 Inner Flame              Hex/Fire       11%        N/A       19%         3
 Flame Wave               Conj/Fire      13%        2d6       43%         4


Dungeon Overview and Level Annotations

Branches:
Dungeon (3/15) Zot: 1657

Altars:


Innate Abilities, Weirdness & Mutations

You passively map a small area around you.
You are easily found by Zot.
You glow in the dark.
You regain HP and MP as you explore.


Message History

The orc wizard hits you but does no damage.
You bump into the rock wall.
The orc wizard points at you and mumbles some strange words.
The puff of flame hits you!
You bump into the rock wall.
The orc wizard closely misses you.
You bump into the rock wall.
You feel less confused. The orc wizard misses you.
Casting: Foxfire (safe; 4% risk of failure)
Confirm with . or Enter, or press ? or * to list all spells.
You conjure some foxfire!
The orc wizard casts a spell at you. The magic dart hits you.
You closely miss the orc wizard.
You punch the orc wizard, but do no damage.
The orc wizard is moderately wounded.
The foxfire hits the orc wizard.
The orc wizard is severely wounded.
The orc wizard gestures at you while chanting.
You are confused.
You're too confused to cast spells.
Sorry, you're not good enough to have a special ability.
You're too confused to cast spells.
Sorry, you're not good enough to have a special ability.
You aren't carrying any potions.
The orc wizard hits you with a +0 dagger.
You bump into the rock wall.
The orc wizard mumbles some strange words.
The orc wizard flickers and vanishes!
Deactivating autopickup; reactivate with Ctrl-A.
You're too confused to cast spells.
Sorry, you're not good enough to have a special ability.
You bump into the rock wall.
Something hits you. Something hits you.
* * * LOW HITPOINT WARNING * * *
You barely miss something.
You hear some strange, mumbled words.
A puff of flame appears from out of thin air!
The puff of flame hits you.
You die...

#.# * ,, *
* * #.# *
*,#.# * ,
#.# * #.# ,
* * #.# ,
#.#
#########.#
#@........#
#{####.#.##
#....#.#.#
####.#.#.#
#.#.# , , *
#.#.# +
#...# ,* *
##### , *


There were no monsters in sight!

Vanquished Creatures
  An orc wizard (D:3)
  2 orcs (D:3)
  A ball python (D:2)
4 creatures vanquished.

Vanquished Creatures (others)
  21 foxfires
21 creatures vanquished.

Grand Total: 25 creatures vanquished

Notes
Turn   | Place    | Note
-------+----------+-------------------------------------------
     0 | D:1      | hawla the Meteoran Fire Elementalist began the quest for
                  | the Orb.
     0 | D:1      | Reached XP level 1. HP: 14/14 MP: 5/5
    90 | D:3      | Noticed an orc wizard
    96 | D:3      | Killed an orc wizard
    97 | D:3      | Reached skill level 4 in Fire Magic
    97 | D:3      | Reached XP level 2. HP: 20/20 MP: 0/7
    97 | D:3      | Reached XP level 3. HP: 26/26 MP: 0/8
   142 | D:3      | Killed from afar by an orc wizard

Illustrated notes

Levels and vault maps discovered:
D:1:      saegor_arrival_miasma, layout_loops_ring, nicolae_shop_unique_rings,
          minmay_misc_feat_five, chequers_mini_garden
D:2:      minmay_door_path, layout_rooms, grunt_decor_mini_mirrors, uniq_robin
D:3:      layout_basic, dreamdust_divine_triumvirate,
          nicolae_sif_muna_condensation, hellmonk_ecumenical_altar_crossroads,
          uniq_natasha, uniq_jessica

Skill      XL: |  1 |
---------------+----+-----
Spellcasting   | 3 |  3.1
Fire Magic     | 4 |  4.6
Dodging        | |  2.7
Stealth        | |  1.4
Conjurations   | |  1.3

Action                   || total
-------------------------++-------
Melee: Unarmed           ||     3
       Punch             ||     1
 Cast: Foxfire           ||    14
  Use: Potion            ||     1
Armor: Robe              ||     3
Dodge: Dodged            ||     2
